 Dungeon Crawl Stone Soup version 0.30-a0-800-g7c544603b3 (webtiles) character file.

Game seed: 1180926302329405041

3273503 freelancePsychic the Hoplite (level 26, 228/239 HPs)
             Began as a Ghoul Venom Mage on Feb 22, 2023.
             Was an Initiate of Gozag.
             Escaped with the Orb
             ... and 5 runes!
             The game lasted 02:11:28 (64592 turns).

freelancePsychic the Hoplite (Ghoul Venom Mage)    Turns: 64592, Time: 02:11:28

Health: 228/239    AC: 25    Str: 16    XL:     26   Next: 30%
Magic:  34/34      EV: 26    Int: 22    God:    Gozag
Gold:   1919       SH: 32    Dex: 20    Spells: 23/41 levels left

rFire   + + .      SeeInvis .    u - +9 double sword of Oenomania {freeze, Int+2}
rCold   + . .      Faith    .    C - +8 tower shield of Moral Flaws {rPois Slay+2}
rNeg    + + +      Spirit   .    G - +5 steam dragon scales
rPois   ∞          Reflect  .    o - +2 helmet of the Bedazzled God {rF+ Slay+2}
rElec   .          Harm     .    E - +2 cloak {Will+}
rCorr   +          Rampage  .    k - +1 pair of gloves of Tito {rF+ rN+}
Will    ++...                    v - +2 pair of boots
Stlth   ++                       a - amulet of Vitality {RegenMP++ Regen++}
HPRegen 2.19/turn                Z - ring "Lesuc" {Contam rCorr AC+4 Dex+3}
MPRegen 1.04/turn                A - ring "Guiqeino" {Int+4 Dex+6 Stlth-}

@: gold aura, very slightly contaminated, hasted, studying Evocations, very
quick
A: claws 1, cold resistance 1, negative energy resistance 3, inhibited
regeneration, torment resistance 2, devour on kill
0: Orb of Zot
}: 5/15 runes: decaying, serpentine, slimy, silver, abyssal
a: Renounce Religion, Potion Petition, Call Merchant, Bribe Branch


You escaped.
You worshipped Gozag.
Gozag was most pleased with you.
You visited 10 branches of the dungeon, and saw 52 of its levels.
You visited the Abyss 2 times.
You also visited: Trove, Ossuary, Gauntlet, Ice Cave and Desolation.

You collected 28266 gold pieces.
You spent 7572 gold pieces at shops.
You paid 18775 gold pieces to Gozag.

Inventory:

Hand Weapons
 u - the +9 double sword of Oenomania (weapon) {freeze, Int+2}
   (You acquired it on level 2 of the Orcish Mines)

   Int:       It affects your intelligence (+2).
 N - the +3 Elemental Staff {rElec rF++ rC++ AC+5}
   (You found it in the Desolation of Salt)

   It enhances your fire, ice, earth and air magic.
   AC:        It affects your AC (+5).
   rF:        It greatly protects you from fire.
   rC:        It greatly protects you from cold.
   rElec:     It insulates you from electricity.
Missiles
 y - 9 throwing nets
Armour
 k - the +1 pair of gloves of Tito (worn) {rF+ rN+}
   (You bought it in a shop on level 4 of the Snake Pit)

   rF:        It protects you from fire.
   rN:        It protects you from negative energy.
 o - the +2 helmet of the Bedazzled God (worn) {rF+ Slay+2}
   (You bought it in a shop on level 2 of the Dungeon)

   Slay:      It affects your accuracy & damage with ranged weapons and melee
   (+2).
   rF:        It protects you from fire.
 v - a +2 pair of boots (worn)
 C - the +8 tower shield of Moral Flaws (worn) {rPois Slay+2}
   (You found it in a treasure trove)

   Slay:      It affects your accuracy & damage with ranged weapons and melee
   (+2).
   rPois:     It protects you from poison.
 E - a +2 cloak of willpower (worn)
 G - +5 steam dragon scales (worn)
Jewellery
 a - the amulet of Vitality (around neck) {RegenMP++ Regen++}
   (You took it off an orc on level 5 of the Vaults)

   [amulet of magic regeneration]

   It increases your rate of magic regeneration.
   Regen:     It increases your rate of health regeneration.
 w - the ring "Opnoje" {Fly rC+++ Will- Str+2 SInv}
   (You found it in a treasure trove)

   [ring of flight]

   Str:       It affects your strength (+2).
   rC:        It renders you almost immune to cold.
   SInv:      It lets you see invisible.
   Fly:       It grants you flight.
   Will:      It decreases your willpower.
 A - the ring "Guiqeino" (right hand) {Int+4 Dex+6 Stlth-}
   (You bought it in a shop on level 8 of the Dungeon)

   [ring of dexterity]

   Int:       It affects your intelligence (+4).
   Dex:       It affects your dexterity (+6).
   Stlth:     It makes you less stealthy.
 X - the ring "Kitic" {rF+ AC+4}
   (You found it in a treasure trove)

   [ring of protection]

   AC:        It affects your AC (+4).
   rF:        It protects you from fire.
 Z - the ring "Lesuc" (left hand) {Contam rCorr AC+4 Dex+3}
   (You found it in the Desolation of Salt)

   [ring of protection]

   AC:        It affects your AC (+4).
   Dex:       It affects your dexterity (+3).
   Contam:    It causes magical contamination when unequipped.
   rCorr:     It protects you from acid and corrosion.
Wands
 b - a wand of flame (67)
 m - a wand of roots (47)
 D - a wand of polymorph (26)
 F - a wand of quicksilver (17)
 I - a wand of digging (20)
 J - a wand of charming (33)
 S - a wand of mindburst (7)
Scrolls
 d - 4 scrolls of silence
 f - 12 scrolls of poison
 h - 3 scrolls of summoning
 j - 22 scrolls of teleportation {@r4}
 n - 6 scrolls of fear
 q - 8 scrolls of fog
 t - 10 scrolls of blinking
 z - 5 scrolls of enchant armour
 K - 4 scrolls of vulnerability
 L - 12 scrolls of enchant weapon
 T - 3 scrolls of torment
 Y - 5 scrolls of immolation
Potions
 c - 11 potions of might
 e - 9 potions of heal wounds {@q2}
 g - 28 potions of curing {@q1}
 i - 4 potions of brilliance
 l - 5 potions of haste {@q3}
 s - 5 potions of attraction
 x - 2 potions of berserk rage
 H - 9 potions of degeneration
 O - 15 potions of ambrosia
 Q - 12 potions of lignification
 R - 3 potions of magic
 U - 3 potions of invisibility
 V - 2 potions of cancellation
 W - 10 potions of flight
Miscellaneous
 p - a tin of tremorstones (2/2)
 M - a phial of floods
 P - a box of beasts


   Skills:
 + Level 20.2 Fighting
 - Level 16.0 Long Blades
 + Level 20.1 Dodging
 - Level 13.3 Stealth
 + Level 22.1 Shields
 - Level 8.0 Spellcasting
 - Level 8.2 Conjurations
 - Level 14.0 Transmutations
 - Level 3.0 Air Magic
 - Level 14.0 Poison Magic


You had 23 spell levels left.
You knew the following spells:

 Your Spells              Type           Power      Damage    Failure   Level
a - Eringya's Noxious Bo  Tmut/Pois      31%        N/A       6%          6
c - Ignite Poison         Fire/Tmut/Pois 49%        N/A       1%          3
d - Olgreb's Toxic Radia  Pois           63%        N/A       1%          4
h - Irradiate             Conj/Tmut      27%        3d20      3%          5

Your spell library contained the following spells:

 Spells                   Type           Power      Damage    Failure   Level
 Magic Dart               Conj           100%       1d8       1%          1
 Sting                    Tmut/Pois      100%       1d8       1%          1
 Cigotuvi's Dreadful Rot  Necr/Pois/Air  66%        N/A       1%          2
 Passwall                 Tmut/Erth      32%        N/A       1%          2
 Poisonous Vapours        Pois/Air       92%        N/A       1%          2
 Static Discharge         Conj/Air       66%        2-5/arc   1%          2
 Mephitic Cloud           Conj/Pois/Air  45%        N/A       1%          3
 Alistair's Intoxication  Tmut/Pois      42%        N/A       1%          5
 Kiss of Death            Conj/Necr      100%       2d13      2%          1
 Momentum Strike          Conj/Tloc      52%        3d9       3%          2
 Hailstorm                Conj/Ice       26%        3d7       7%          3
 Petrify                  Tmut/Erth      39%        N/A       7%          4
 Swiftness                Air            22%        N/A       11%         3
 Apportation              Tloc           16%        N/A       12%         1
 Freeze                   Ice            32%        1d5       12%         1
 Sandblast                Erth           16%        2d6       12%         1
 Slow                     Hex            32%        N/A       12%         1
 Summon Small Mammal      Summ           32%        N/A       12%         1
 Blink                    Tloc           16%        N/A       19%         2
 Ensorcelled Hibernation  Hex/Ice        16%        N/A       19%         2
 Lesser Beckoning         Tloc           16%        N/A       19%         2
 Scorch                   Fire           16%        2d6       19%         2
 Yara's Violent Unravell  Hex/Tmut       19%        3d9       19%         5
 Vhi's Electric Charge    Tloc/Air       30%        N/A       21%         3
 Flame Wave               Conj/Fire      26%        2d8       22%         4
 Sticky Flame             Conj/Fire      26%        2d5       22%         4
 Kindle Blastsparks       Fire/Tloc/Air  26%        2d12      24%         3
 Airstrike                Air            11%        2d(2-18)  34%         4
 Arcjolt                  Conj/Air       16%        1d26      34%         5
 Lightning Bolt           Conj/Air       16%        1d30      34%         5
 Call Canine Familiar     Summ           8%         N/A       36%         3
 Confusing Touch          Hex            8%         N/A       36%         3
 Frozen Ramparts          Ice            16%        1d3       36%         3
 Gell's Gravitas          Tloc           8%         N/A       36%         3
 Inner Flame              Hex/Fire       8%         N/A       36%         3
 Ozocubu's Armour         Ice            8%         N/A       36%         3
 Portal Projectile        Hex/Tloc       16%        N/A       36%         3
 Summon Guardian Golem    Hex/Summ       8%         N/A       36%         3
 Teleport Other           Tloc           8%         N/A       36%         3
 Tukima's Dance           Hex            8%         N/A       36%         3
 Vampiric Draining        Necr           8%         2d6       36%         3
 Fireball                 Conj/Fire      13%        3d7       54%         5
 Freezing Cloud           Conj/Ice/Air   12%        6-21      58%         5
 Anguish                  Hex/Necr       4%         N/A       77%         4
 Dispel Undead            Necr           8%         3d8       77%         4
 Leda's Liquefaction      Hex/Erth       4%         N/A       77%         4
 Passage of Golubria      Tloc           8%         N/A       77%         4
 Silence                  Hex/Air        7%         N/A       88%         5
 Borgnjor's Vile Clutch   Necr/Erth      4%         N/A       98%         5
 Summon Forest            Summ/Tloc      4%         N/A       98%         5
 Death Channel            Necr           4%         N/A       100%        6
 Summon Cactus Giant      Summ           4%         N/A       100%        6
 Enfeeble                 Hex            4%         N/A       100%        7
 Haunt                    Necr/Summ      4%         N/A       100%        7
 Malign Gateway           Summ/Tloc      4%         N/A       100%        7
 Monstrous Menagerie      Summ           4%         N/A       100%        7
 Ozocubu's Refrigeration  Ice            4%         4d8       100%        7
 Summon Hydra             Summ           4%         N/A       100%        7
 Ignition                 Fire           4%         3d4       100%        8
 Infestation              Necr           4%         N/A       100%        8
 Lehudib's Crystal Spear  Conj/Erth      13%        10d4      100%        8
 Summon Horrible Things   Summ           4%         N/A       100%        8
 Dragon's Call            Summ           4%         N/A       100%        9
 Beastly Appendage        Tmut           Unusable   N/A       N/A         1
 Blade Hands              Tmut           Unusable   N/A       N/A         5
 Sublimation of Blood     Necr           Unusable   N/A       N/A         2
 Dragon Form              Tmut           Unusable   N/A       N/A         7
 Statue Form              Tmut/Erth      Unusable   N/A       N/A         6
 Animate Dead             Necr           Unusable   N/A       N/A         4

Dungeon Overview and Level Annotations

Branches:
Dungeon (15/15)            Temple (0/1) D:6            Lair (5/5) D:10
  Swamp (4/4) Lair:3        Snake (4/4) Lair:2        Slime (5/5) Lair:4
    Orc (2/2) D:11            Elf (3/3) Orc:2        Vaults (5/5) D:14
  Crypt (0/3) Vaults:3     Depths (4/4) D:15            Zot (5/5) Depths:4
Ossuary (visited)           IceCv (visited)         Desolation (visited)
Gauntlet (visited)

Altars:
Dithmenos
Gozag
Hepliaklqana
Makhleb
Nemelex Xobeh
Sif Muna
Trog
Vehumet
Wu Jian
Xom
Jiyva

Shops:
D:2 ([[*   D:8 =   D:12 !   Orc:2 :=??*   Elf:3 ![   Snake:4 [*[(   Vaults:3 [
Vaults:4 *   Depths:4 *

Portals:
Hell: Depths:1 Depths:2 Depths:3 Depths:4
Abyss: Depths:1 Depths:2* Depths:3
Pandemonium: Depths:2 Depths:3
Ziggurat: Depths:2

Annotations:
D:7 1 runed translucent door, Crazy Yiuf
D:10 Erica
D:12 3 runed translucent doors, BubbleThief's ghost, journeyman DsNe
D:13 1 transporter
D:15 exclusion: door
Lair:2 exclusion: skyshark
Elf:1 exclusions: dancing weapon and deep elf pyromancer, Zenata
Elf:2 3 runed translucent doors
Vaults:1 exclusion: orange crystal statue
Depths:1 1 runed translucent door, baal32's ghost, journeyman MiFi
Depths:2 2 transporters, exclusion: door, Himmaryad's ghost, adept TrMo
Zot:2 Tiamat


Innate Abilities, Weirdness & Mutations

You are immune to poison.
You have sharp fingernails.
Your flesh is cold resistant. (rC+)
You are immune to negative energy. (rN+++)
You do not regenerate when monsters are visible.
You are immune to unholy pain and torment.
You thrive by killing the living.


Message History

You kill the sun demon!
You block the reaper's attack.
You hit the reaper but do no damage.
The reaper is distracted by your dazzling golden aura.
You hit the reaper but do no damage.
The reaper is no longer distracted by gold.
You slice the reaper!!
The reaper is moderately wounded.
You block the reaper's attack.
You slice the reaper!! You freeze the reaper.
The reaper is severely wounded.
You slice the reaper!! You freeze the reaper.
The reaper is almost dead.
You block the reaper's attack.
You slice the reaper!!
You kill the reaper!
No target in view!
No target in view!
No target in view!
No target in view!
No target in view!
No target in view!
No target in view!
No target in view!
No target in view!
No target in view!
No target in view!
No target in view!
No target in view!
(D) Dungeon (T) Temple (L) Lair (S) Swamp (P) Snake Pit (M) Slime Pits (O) Orcish Mines (E) Elven Halls (V) Vaults (C) Crypt (U) Depths (H) Hell (Z) Zot
Where to? (Enter - D:1 @ (x,y), ? - help)
You now have 1919 gold pieces (gained 5).
You see here a +2 scythe of flaming.
There is a staircase leading out of the dungeon here.
Unknown command.
There is a staircase leading out of the dungeon here.
You have escaped!

## ### #...# ##.## # #
PPP♣P#...# ### # #####
♣....#...# # ....#
.PPP.#.#.# # ....#
P..P.#.#.# # ....#
♣P♣P.#...# ########### #
....# .P.PP#...#
#...#.....# # ....##
♣P.P.#...# #.......#.###
...[.# P....#.@.#
#...#.#...... ....##
PP...#...# ##.##.###.##.
....# ♣.PP♣#...#
#.##.###.#.. .>..#
♣P.PP#...# #.##.....##.
#####
PP..P#.#.####.##########
# P..P.#.#.#.......# # #
....P#...#.##.##.# # ##
P....#...#.##.##.# ##
.## #######...#.#...#.#
##>


There were no monsters in sight!

Vanquished Creatures
  the Royal Jelly (Slime:5)
  Dissolution (Slime:3)
  A dread lich (Vaults:5)
  2 ancient liches
  Vashnia (Snake:2)
  6 golden dragons
  Nikola (Swamp:1)
  3 bone dragons
  5 tentacled monstrosities
  A Hell Sentinel (Depths:1)
  3 titans (Vaults:5)
  An Ice Fiend (D:12)
  2 deep elf blademasters (Elf:3)
  6 quicksilver dragons
  A lich (Depths:3)
  2 deep elf master archers (Elf:3)
  14 acid blobs
  4 tengu reavers
  3 sphinxes
  4 storm dragons
  2 Executioners (Abyss:5)
  9 tentacled starspawn
  A shadow dragon (Vaults:5)
  A thorn hunter (Swamp:3)
  A revenant (Abyss:1)
  3 draconian monks (Depths:4)
  10 rockslimes
  8 azure jellies
  An azure jelly (shapeshifter) (Vaults:5)
  A draconian knight (Zot:1)
  7 fire giants
  A fenstrider witch (Swamp:2)
  3 frost giants
  3 nagarajas
  12 vault wardens
  7 deep elf sorcerers
  Aizul (Swamp:3)
  An imperial myrmidon (Desolation)
  Louise (Depths:3)
  3 balrugs
  2 ghost moths
  3 ghouls
  A cacodemon (Abyss:5)
  6 deep elf elementalists (Elf:3)
  3 orc warlords
  2 reapers
  A spriggan defender (Depths:4)
  11 ironbound preservers
  27 very ugly things
  4 quicksilver oozes
  2 angels (Vaults:1)
  A juggernaut skeleton (Abyss:1)
  A war gargoyle (Vaults:5)
  6 draconian annihilators
  15 stone giants
  7 ironbound thunderhulks
  9 green draconians (Depths:4)
  12 red draconians
  6 deep elf demonologists
  13 starcursed masses
  8 white draconians
  5 black draconians
  9 dire elephants
  2 halazid warlocks (Desolation)
  A minotaur (Gauntlet)
  2 bunyips (Swamp:1)
  3 purple draconians (Depths:4)
  8 eleionomae
  8 deep elf annihilators
  5 spark wasps
  The ghost of KarmaKiller the Stickfighter, a journeyman GrBe of Trog (Swamp:2)
  7 deep elf death magi
  A blizzard demon (D:15)
  A merfolk javelineer (Depths:1)
  2 crystal guardians
  8 yaktaur captains
  A fire dragon (shapeshifter) (Vaults:5)
  16 ettins
  13 fire dragons
  10 great orbs of eyes
  2 shambling mangroves (Swamp:4)
  2 ragged hierophants (Desolation)
  19 hydras
  An entropy weaver (Gauntlet)
  4 salamander tyrants (Snake:4)
  3 deep elf high priests (Elf:3)
  An ogre mage (D:15)
  12 peacekeepers (Desolation)
  Harold (D:9)
  3 hell beasts
  17 ice dragons
  7 servants of whispers (Desolation)
  A catoblepas (Lair:5)
  23 vault guards
  5 rakshasas
  2 spriggan air magi
  16 two-headed ogres
  A death knight (D:15)
  14 alligators
  25 dancing weapons
  8 ironbound frosthearts
  11 anacondas
  6 boulder beetles
  12 deep troll shamans
  4 centaur warriors
  6 tengu warriors
  15 naga warriors
  2 spriggan berserkers
  5 deep troll earth magi
  A hell hog (Abyss:1)
  5 orc high priests
  26 death yaks
  A soul eater (Depths:3)
  7 shock serpents
  19 naga sharpshooters
  A thrashing horror (Abyss:5)
  A vampire mage (Vaults:3)
  Nergalle (Lair:2)
  6 sun demons
  3 shadow wraiths
  19 deep elf knights
  4 skysharks
  A fire crab (Lair:5)
  7 hell knights (Depths:1)
  9 iron trolls
  5 wretched stars
  3 salamander mystics
  4 skeletal warriors
  4 goliath frogs
  3 death drakes
  A death drake (shapeshifter) (Elf:2)
  35 deep trolls
  4 naga ritualists
  5 sixfirhies
  2 spriggan druids
  2 glowing orange brains
  A shadow demon (Abyss:1)
  6 bog bodies
  11 orc knights
  12 large abominations
  A tengu zombie (Depths:1)
  5 harpies (Vaults:2)
  21 ironbound convokers
  3 mana vipers
  4 phantasmal warriors
  12 deep elf archers
  8 swamp dragons
  15 lindwurms
  9 wizards
  A will-o-the-wisp (Swamp:3)
  3 necromancers
  27 deep elf pyromancers
  A mana viper (shapeshifter) (Vaults:5)
  20 deep elf zephyrmancers
  A frost giant zombie (Depths:1)
  2 orc sorcerers (Orc:1)
  3 shining eyes (Slime:5)
  45 ugly things
  4 manticores
  A manticore (shapeshifter) (Depths:2)
  5 worldbinders
  10 salamanders
  3 moths of wrath
  Maurice (D:9)
  4 elephants (Lair:5)
  2 rust devils
  6 cyclopes
  An ice statue (IceCv)
  20 naga magi
  4 smoke demons
  11 vault sentinels
  2 torpor snails
  2 molten gargoyles
  11 guardian serpents
  An orange demon (Abyss:2)
  2 eyes of devastation (Slime:5)
  31 black mambas
  Maggie (D:7)
  A gargoyle (Gauntlet)
  7 cane toads
  7 freezing wraiths
  2 unseen horrors (D:12)
  4 rime drakes
  2 kobold demonologists (D:11)
  Psyche (D:10)
  An anaconda simulacrum (IceCv)
  11 komodo dragons
  4 tengu conjurers
  7 efreet
  An ice devil (IceCv)
  22 yaktaurs
  A human skeleton (Vaults:3)
  A silent spectre (Abyss:5)
  2 yaktaur skeletons (Vaults:3)
  4 ancient zymes
  A queen bee (Lair:2)
  4 trolls
  16 tyrant leeches
  A hellwing (Depths:3)
  3 polar bears
  Grinder (D:6)
  12 blink frogs (Lair:4)
  5 hornets
  13 dream sheep
  2 blink frogs (shapeshifter)
  67 saltlings (Desolation)
  4 raiju (Abyss:1)
  102 slime creatures
  Sigmund (D:3)
  2 flying skulls
  A culicivora (shapeshifter) (Elf:1)
  A spriggan skeleton (Depths:1)
  2 ettin skeletons (Abyss:5)
  A jumping spider (Gauntlet)
  A vampire (D:6)
  7 spriggans
  3 wraiths
  A shadow (D:11)
  An air elemental (Elf:1)
  4 water elementals
  A dire elephant simulacrum (IceCv)
  7 ynoxinuls
  3 humans (D:12)
  2 chaos spawn (Abyss:5)
  2 fire elementals
  7 wyverns
  41 yaks
  3 neqoxecs
  8 basilisks
  5 vampire mosquitoes
  14 swamp worms
  47 nagas
  A harpy simulacrum (IceCv)
  3 wargs
  13 small abominations
  5 hell hounds (Depths:2)
  18 water moccasins
  2 floating eyes
  43 orc warriors
  11 swamp drakes
  4 black bears
  A black bear (shapeshifter) (Elf:3)
  A sky beast (D:7)
  A tengu (shapeshifter) (Abyss:2)
  17 centaurs
  9 ogres
  7 wolves
  12 boggarts
  A phantom (D:6)
  2 elf zombies (Ossuary)
  8 kobold brigands
  10 bullfrogs
  A necrophage (Swamp:4)
  3 gnoll sergeants
  6 scorpions
  A cane toad simulacrum (IceCv)
  6 two-headed ogre simulacra (IceCv)
  3 earth elementals (Elf:1)
  5 wights
  3 elephant simulacra (IceCv)
  34 killer bees
  4 electric eels
  A howler monkey (D:5)
  2 quasits
  3 jellies
  3 hounds
  18 orc priests
  2 gnoll boudas
  An iguana (D:5)
  2 iron imps (Abyss:1)
  13 orc wizards
  8 hell rats (Lair:5)
  3 spriggan simulacra (IceCv)
  2 polar bear simulacra (IceCv)
  6 troll simulacra (IceCv)
  2 wolf simulacra (IceCv)
  4 mummies (Ossuary)
  Robin (D:3)
  24 gnolls
  9 adders
  8 naga simulacra (IceCv)
  5 river rats (Lair:5)
  20 white imps
  11 ufetubi
  An adder zombie (Ossuary)
  A dart slug (D:2)
  73 orcs
  12 ball pythons
  5 bats
  5 endoplasms
  3 giant cockroaches
  3 gnoll zombies (Ossuary)
  10 goblins
  7 hobgoblins
  3 quokkas
  4 frilled lizards
  4 goblin zombies (Ossuary)
  A hobgoblin zombie (Ossuary)
  49 kobolds
  11 rats
  A rat zombie (Ossuary)
  A lurking horror (Abyss:5)
  9 starspawn tentacles
2181 creatures vanquished.

Vanquished Creatures (collateral kills)
  2 electric golems (Zot:5)
  2 tentacled monstrosities
  2 Orb Guardians (Zot:5)
  A walking earthen tome (Zot:1)
  A quicksilver dragon (Zot:5)
  2 shadow dragons
  2 narguns (Zot:1)
  A fire giant (Vaults:5)
  A draconian stormcaller (Zot:5)
  A black draconian (Zot:5)
  A deep elf high priest (Vaults:5)
  A vault guard (Vaults:5)
  A dancing weapon (Zot:1)
  A deep troll (Vaults:5)
  A vault sentinel (Vaults:5)
  6 moths of wrath
26 creatures vanquished.

Vanquished Creatures (others)
  2 dread liches (Vaults:5)
  An ancient lich (Vaults:5)
  A Killer Klown (Zot:5)
  8 Orb Guardians (Zot:5)
  2 tentacled monstrosities
  A titan (Vaults:5)
  A walking frostbound tome (Zot:1)
  A tengu reaver (Vaults:5)
  A storm dragon (Zot:4)
  A draconian knight (Depths:4)
  A ghost moth (Zot:5)
  A vault warden (Vaults:5)
  4 ironbound preservers (Vaults:5)
  2 yaktaur captains (Vaults:5)
  16 vault guards (Vaults:5)
  2 deep troll earth magi (Vaults:5)
  An iron troll (Vaults:5)
  3 deep trolls (Vaults:5)
  A flayed ghost (Vaults:5)
  A phantasmal warrior (Vaults:5)
  A deep elf pyromancer (D:12)
  A moth of wrath (Zot:5)
  3 vault sentinels (Vaults:5)
  A bloated husk (Swamp:3)
  A hornet (Depths:4)
  A raiju (Abyss:6)
  2 nagas
  An orc (Vaults:5)
  12 bushes
  14 foxfires (Swamp:3)
  35 fungi
  2 lurking horrors (Abyss:5)
  110 plants
  13 starspawn tentacles
  2 withered plants (Depths:1)
250 creatures vanquished.

Grand Total: 2457 creatures vanquished

Notes
Turn   | Place    | Note
-------+----------+-------------------------------------------
     0 | D:1      | freelancePsychic the Ghoul Venom Mage began the quest for
                  | the Orb.
     0 | D:1      | Reached XP level 1. HP: 14/14 MP: 2/2
    26 | D:1      | Found a faded altar of an unknown god.
    94 | D:1      | Prayed at the altar of an unknown god.
    94 | D:1      | Became a worshipper of Gozag Ym Sagoz the Greedy
   385 | D:1      | Reached XP level 2. HP: 20/20 MP: 2/4
   501 | D:1      | Learned a level 2 spell: Poisonous Vapours
  1092 | D:2      | Found Xanu's Antique Weapon Boutique.
  1182 | D:2      | Found Saegus's Armour Emporium.
  1342 | D:2      | Reached skill level 1 in Air Magic
  1347 | D:2      | Found Uthrioki's Antique Armour Shop.
  1440 | D:2      | Reached XP level 3. HP: 24/26 MP: 2/5
  1670 | D:2      | Found Izxaz's General Store.
  1683 | D:2      | Reached XP level 4. HP: 33/33 MP: 3/6
  1922 | D:2      | Bought a smoking helmet for 247 gold pieces
  1922 | D:2      | Identified the +2 helmet of the Bedazzled God {rF+ Slay+2}
                  | (You bought it in a shop on level 2 of the Dungeon)
  2529 | D:3      | Noticed Sigmund
  2583 | D:3      | Killed Sigmund
  2584 | D:3      | Reached XP level 5. HP: 15/38 MP: 0/8
  2584 | D:3      | Reached XP level 6. HP: 18/45 MP: 0/9
  2692 | D:3      | Learned a level 2 spell: Scorch
  2712 | D:3      | Learned a level 4 spell: Olgreb's Toxic Radiance
  3015 | D:3      | Noticed Robin
  3036 | D:3      | Killed Robin
  3134 | D:3      | Found a shadowy altar of Dithmenos.
  3390 | D:4      | Reached skill level 5 in Poison Magic
  3489 | D:4      | Reached skill level 1 in Fighting
  4213 | D:5      | Entered Level 5 of the Dungeon
  4630 | D:5      | Reached XP level 7. HP: 43/52 MP: 6/10
  5050 | D:2      | Bought a runed demon blade for 504 gold pieces
  6103 | D:6      | Found a staircase to the Ecumenical Temple.
  6160 | D:6      | Noticed Grinder
  6243 | D:6      | Reached XP level 8. HP: 66/66 MP: 11/11
  6331 | D:6      | Reached skill level 5 in Stealth
  6404 | D:6      | Noticed a vampire
  6419 | D:6      | Killed a vampire
  6642 | D:6      | Reached skill level 5 in Fighting
  6642 | D:6      | Reached skill level 1 in Transmutations
  6724 | D:6      | Reached XP level 9. HP: 41/74 MP: 12/12
  7365 | D:7      | Noticed Maggie
  7375 | D:7      | Killed Maggie
  7473 | D:7      | Noticed a cyclops
  7484 | D:7      | Killed a cyclops
  7495 | D:7      | Found a sand-covered staircase.
  7624 | Ossuary  | Entered an ossuary
  8378 | D:7      | Found a runed translucent door.
  8379 | D:7      | Noticed Crazy Yiuf
  8793 | D:6      | Killed Grinder
  8794 | D:6      | Reached XP level 10. HP: 83/86 MP: 13/13
  9194 | D:8      | Found a hazy altar of Hepliaklqana.
  9219 | D:8      | Found a bloodstained altar of Trog.
  9226 | D:8      | Found an ornate altar of the Wu Jian Council.
  9234 | D:8      | Found a sparkling altar of Nemelex Xobeh.
  9265 | D:8      | Found a shimmering altar of Xom.
  9270 | D:8      | Found a burning altar of Makhleb.
  9494 | D:8      | Reached skill level 1 in Shields
  9801 | D:9      | Reached skill level 2 in Shields
  9969 | D:9      | Noticed Harold
 10165 | D:9      | Reached skill level 5 in Transmutations
 10618 | D:8      | Learned a level 6 spell: Eringya's Noxious Bog
 10752 | D:9      | Killed Harold
 10753 | D:9      | Reached skill level 3 in Shields
 11078 | D:9      | Noticed Maurice
 11091 | D:9      | Killed Maurice
 11298 | D:10     | Entered Level 10 of the Dungeon
 11307 | D:10     | Found a portal to a secret trove of treasure.
 11311 | D:10     | Noticed a two-headed ogre
 11329 | D:10     | Killed a two-headed ogre
 11330 | D:10     | Reached XP level 11. HP: 95/95 MP: 3/14
 11480 | D:10     | Reached skill level 4 in Shields
 11706 | D:10     | Noticed Erica
 11758 | D:10     | Reached skill level 10 in Poison Magic
 11968 | D:10     | Found a staircase to the Lair.
 12046 | D:10     | Noticed Psyche
 12222 | D:10     | Killed Psyche
 12669 | D:11     | Noticed a brown ugly thing
 12888 | Lair:1   | Entered Level 1 of the Lair of Beasts
 12905 | D:10     | Reached skill level 10 in Fighting
 13369 | Lair:1   | Reached XP level 12. HP: 76/107 MP: 8/17
 13919 | Lair:1   | Identified the +2 robe of Intercession {MP+9 Int-2 Dex+4
                  | Slay+3}
 14575 | D:2      | Bought the +1 storm dragon scales of Hethila {rElec Int+4}
                  | for 1202 gold pieces
 14725 | D:10     | You paid a toll of the storm dragon scales of Hethila to
                  | enter a treasure trove
 14726 | Trove    | Entered a treasure trove
 14731 | Trove    | Identified the +3 hat of Starshine {Fly Will+}
 14733 | Trove    | Identified the +1 hat of Uqaeriuf {rElec rN+ rCorr Dex+2}
 14741 | Trove    | Identified the +8 tower shield of Moral Flaws {rPois
                  | Slay+2}
 14761 | Trove    | Identified the ring "Saiwejuix" {Str+6 Dex+6 SInv}
 14774 | Trove    | Identified the ring "Kitic" {rF+ AC+4}
 14793 | Trove    | Identified the ring "Heumpadi" {Ice Drain Will++ Dex+5}
 14811 | Trove    | Identified the ring "Jexzoce" {Ice rPois Will+ Dex-3}
 14824 | Trove    | Identified the ring "Opnoje" {Fly rC+++ Will- Str+2 SInv}
 15070 | Lair:2   | Reached skill level 5 in Spellcasting
 15095 | Lair:2   | Noticed Nergalle
 15120 | Lair:2   | Killed Nergalle
 15160 | Lair:2   | Noticed a skyshark
 15354 | Lair:2   | Found a frozen archway.
 15364 | IceCv    | Entered an ice cave
 16806 | IceCv    | Reached skill level 10 in Transmutations
 17375 | Lair:2   | Reached XP level 13. HP: 118/122 MP: 18/20
 17531 | Lair:2   | Reached XP level 14. HP: 97/129 MP: 21/21
 17723 | Lair:2   | Found a staircase to the Snake Pit.
 19019 | Lair:3   | Found a staircase to the Swamp.
 20078 | D:2      | Bought a pair of boots for 117 gold pieces
 20326 | D:8      | Bought the ring "Guiqeino" {Int+4 Dex+6 Stlth-} for 650
                  | gold pieces
 20516 | Lair:4   | Reached skill level 1 in Long Blades
 21250 | Lair:4   | Found a staircase to the Slime Pits.
 21250 | Lair:4   | Found a viscous altar of Jiyva.
 21517 | Lair:5   | Entered Level 5 of the Lair of Beasts
 21551 | Lair:5   | Reached skill level 15 in Fighting
 21725 | Lair:5   | Reached skill level 5 in Long Blades
 22296 | Lair:5   | Reached XP level 15. HP: 141/141 MP: 18/22
 22325 | Lair:5   | Identified a scroll of acquirement
 22380 | Lair:5   | Acquired a Trismegistus Codex
 22404 | Lair:5   | Learned a level 3 spell: Ignite Poison
 23490 | Lair:5   | Identified the +1 long sword of Umityh {flame, rF+ Str+3}
 23979 | D:11     | Identified the +1 scale mail of Forking Paths {rElec}
 24240 | D:11     | Found a staircase to the Orcish Mines.
 24374 | Orc:1    | Entered Level 1 of the Orcish Mines
 24579 | Orc:1    | Noticed an orc warlord
 24603 | Orc:1    | Killed an orc warlord
 24922 | Orc:2    | Entered Level 2 of the Orcish Mines
 24976 | Orc:2    | Found Spuigia's Superlative Supplies.
 25032 | Orc:2    | Found a gate leading to a gauntlet.
 25044 | Gauntlet | Entered a Gauntlet
 25044 | Gauntlet | Found a transporter.
 25068 | Gauntlet | Found a transporter.
 25070 | Gauntlet | Found a transporter.
 25073 | Gauntlet | Found a transporter.
 25073 | Gauntlet | Found a transporter.
 25074 | Gauntlet | Found a transporter.
 25089 | Gauntlet | Found a transporter.
 25149 | Gauntlet | Found a transporter.
 25150 | Gauntlet | Found a transporter.
 25154 | Gauntlet | Found a transporter.
 25163 | Gauntlet | Found a transporter.
 25166 | Gauntlet | Found a transporter.
 25232 | Gauntlet | Identified the +0 pair of gloves of Ibisiqeh {-Cast Harm
                  | rElec SInv}
 25414 | Gauntlet | Reached skill level 5 in Dodging
 25533 | Gauntlet | Got the Almanac of Stolen Souls and Transmigration
 25533 | Gauntlet | Got the Codex of Allies and the Quake
 26098 | Orc:2    | Found a staircase to the Elven Halls.
 26435 | Orc:2    | Found Ymaj's Magic Scroll Shop.
 26435 | Orc:2    | Found Haturph's Jewellery Emporium.
 26437 | Orc:2    | Found Tiliuna's Book Shoppe.
 26439 | Orc:2    | Found Iwki's Magic Scroll Boutique.
 26453 | Orc:2    | Bought 2 scrolls of acquirement for 1040 gold pieces
 26453 | Orc:2    | Bought a scroll of blinking for 75 gold pieces
 26453 | Orc:2    | Acquired the +9 double sword of Oenomania {freeze, Int+2}
 26457 | Orc:2    | Acquired 672 gold pieces
 26462 | Orc:2    | Bought a manual of Shields for 1120 gold pieces
 26467 | Orc:2    | Bought a scroll of blinking for 97 gold pieces
 26467 | Orc:2    | Bought a scroll of magic mapping for 97 gold pieces
 26467 | Orc:2    | Bought a scroll of blinking for 97 gold pieces
 26467 | Orc:2    | Bought a scroll of blinking for 97 gold pieces
 26492 | Orc:2    | Bought a manual of Shields for 1120 gold pieces
 26498 | Orc:2    | Learned a level 5 spell: Irradiate
 26577 | D:12     | Reached skill level 1 in Conjurations
 26810 | D:12     | Reached skill level 5 in Shields
 27025 | D:12     | Found Inuugg's Distillery.
 27029 | D:12     | Found a runed translucent gate.
 27030 | D:12     | Found a runed translucent gate.
 27032 | D:12     | Found a runed translucent gate.
 27065 | D:12     | Bought a potion of heal wounds for 60 gold pieces
 27065 | D:12     | Bought a potion of heal wounds for 60 gold pieces
 27065 | D:12     | Bought a potion of curing for 36 gold pieces
 27065 | D:12     | Bought a potion of haste for 120 gold pieces
 27132 | D:12     | Noticed BubbleThief's ghost (journeyman DsNe)
 27311 | D:12     | Reached XP level 16. HP: 149/149 MP: 14/23
 27314 | D:12     | Reached skill level 6 in Shields
 27601 | D:13     | Reached skill level 7 in Shields
 28194 | D:13     | Found a transporter.
 28635 | D:14     | Found a gate to the Vaults.
 28644 | D:14     | Reached skill level 8 in Shields
 28959 | D:14     | Reached skill level 5 in Conjurations
 29267 | D:14     | Reached skill level 9 in Shields
 29724 | D:15     | Entered Level 15 of the Dungeon
 30020 | D:15     | Identified the +2 ring mail "Gemote" {rPois rCorr Str+7
                  | Int-4}
 30163 | D:15     | Found a staircase to the Depths.
 30524 | D:15     | Reached skill level 10 in Shields
 30524 | D:15     | Reached XP level 17. HP: 121/156 MP: 24/24
 31138 | Elf:1    | Entered Level 1 of the Elven Halls
 31321 | Elf:1    | Found a shimmering blue altar of Sif Muna.
 31620 | Elf:1    | Reached skill level 11 in Shields
 31996 | Elf:1    | Noticed Zenata
 32070 | Elf:1    | Reached skill level 10 in Long Blades
 33102 | Elf:2    | Reached skill level 12 in Shields
 33200 | Elf:2    | Reached skill level 10 in Dodging
 33702 | Elf:2    | Reached XP level 18. HP: 122/163 MP: 25/25
 33889 | Elf:2    | Reached skill level 13 in Shields
 34156 | Elf:2    | Found a runed translucent gate.
 34156 | Elf:2    | Found a runed translucent gate.
 34156 | Elf:2    | Found a runed translucent gate.
 34494 | Snake:1  | Entered Level 1 of the Snake Pit
 35682 | Snake:1  | Reached skill level 14 in Shields
 36765 | Snake:2  | Noticed Vashnia
 36791 | Snake:2  | Killed Vashnia
 37696 | Snake:3  | Reached skill level 15 in Shields
 38423 | Snake:3  | Reached XP level 19. HP: 154/170 MP: 30/30
 38865 | Snake:4  | Entered Level 4 of the Snake Pit
 38932 | Snake:4  | Found Domm's Antique Weapon Emporium.
 38934 | Snake:4  | Found Noxt's Armour Shoppe.
 38937 | Snake:4  | Found Qistuh's General Store.
 39451 | Snake:4  | Reached skill level 16 in Shields
 39858 | Snake:4  | Got a serpentine rune of Zot
 40084 | Snake:4  | Found Jiradomu's Antique Armour Shop.
 40088 | Snake:4  | Bought a pair of pitted gloves for 313 gold pieces
 40088 | Snake:4  | Identified the +1 pair of gloves of Tito {rF+ rN+} (You
                  | bought it in a shop on level 4 of the Snake Pit)
 40430 | Swamp:1  | Entered Level 1 of the Swamp
 40482 | Swamp:1  | Noticed Nikola
 40493 | Swamp:1  | Killed Nikola
 40494 | Swamp:1  | Reached skill level 17 in Shields
 41390 | Swamp:2  | Noticed KarmaKiller's ghost (journeyman GrBe)
 41673 | Swamp:2  | Found a runed translucent gate.
 41674 | Swamp:2  | Found a runed translucent gate.
 41675 | Swamp:2  | Found a runed translucent gate.
 41924 | Swamp:2  | Killed KarmaKiller's ghost
 42136 | Swamp:2  | Identified the +0 cloak of Follow the Leader {Will+ Str+5
                  | SInv}
 42153 | Swamp:3  | Noticed Aizul
 42167 | Swamp:3  | Killed Aizul
 43171 | Swamp:4  | Entered Level 4 of the Swamp
 43530 | Swamp:4  | Reached skill level 18 in Shields
 43530 | Swamp:4  | Reached XP level 20. HP: 119/178 MP: 23/31
 43980 | Swamp:4  | Got a decaying rune of Zot
 44515 | Elf:3    | Entered Level 3 of the Elven Halls
 44700 | Elf:3    | Found Icseada's Armour Emporium.
 44776 | Elf:3    | Found Calas's Distillery.
 44793 | Elf:3    | Bought 2 potions of haste for 280 gold pieces
 45405 | Elf:3    | Identified the +9 halberd of the Radish {heavy, Contam
                  | Int+5}
 45720 | Elf:3    | Noticed a Tzitzimitl
 45894 | Elf:3    | Identified the amulet of Sloth {RegenMP rPois rF+ Str+3}
 45945 | Elf:3    | Identified the ring "Luush" {Fly Dex+2}
 45957 | Elf:3    | Got the Cyclopedia of the Ego
 46001 | Elf:3    | Identified the +1 fire dragon scales of the Monkey's Uncle
                  | {rF++ rC- Int+2 Stlth+}
 46023 | Elf:3    | Identified the +5 battleaxe "Newt's Undoing" {pain, rElec
                  | rPois rC+++ Str-2}
 46039 | Elf:3    | Identified the +9 spear of the Revolution {drain, *Rage
                  | rN++ Dex+9}
 46042 | Elf:3    | Identified the +4 war axe "Cotusub" {heavy, rF- rC+ Str-3
                  | Int+9}
 46231 | Elf:3    | Identified the +0 pair of boots of the Pits of Slime {Fly
                  | rElec Regen+ rCorr Int-4}
 46426 | Vaults:1 | Entered Level 1 of the Vaults
 46594 | Vaults:1 | Found a crumbling gateway.
 46629 | Vaults:1 | Reached XP level 21. HP: 172/184 MP: 17/32
 46653 | Desolati | Entered the Desolation of Salt
 47080 | Desolati | Identified the ring "Hekhubyuh" {+Blink Fly rPois Str+2
                  | Dex-4}
 47082 | Desolati | Found the +3 Elemental Staff {rElec rF++ rC++ AC+5}
 47097 | Desolati | Identified the ring "Lesuc" {Contam rCorr AC+4 Dex+3}
 47103 | Desolati | Got the Thoughts on Glamour and Momentum
 47331 | Desolati | Found the +12 glaive of Prune {freeze, Prune}
 47711 | Desolati | Got the Secrets of Illusion and Orientation
 48177 | Vaults:1 | Paralysed by a great orb of eyes for 4 turns
 48534 | Vaults:1 | Reached skill level 15 in Long Blades
 49731 | Vaults:2 | Identified the +3 arbalest of Bloodstone {drain, Str-4
                  | Dex+5}
 50004 | Vaults:2 | Reached XP level 22. HP: 173/192 MP: 29/33
 50341 | Vaults:3 | Found a staircase to the Crypt.
 50588 | Vaults:3 | Found Direacuss's Antique Armour Boutique.
 51072 | Vaults:3 | Reached skill level 19 in Shields
 51714 | Vaults:4 | Paralysed by a sphinx for 3 turns
 51874 | Vaults:4 | Reached skill level 15 in Dodging
 52324 | Vaults:4 | Found Ugym's Assorted Antiques.
 52344 | Vaults:4 | Bought a potion of magic for 240 gold pieces
 53068 | Vaults:5 | Entered Level 5 of the Vaults
 53074 | Vaults:5 | Noticed a golden dragon
 53081 | Vaults:5 | Killed a golden dragon
 53194 | Vaults:5 | Noticed a golden dragon
 53194 | Vaults:5 | Noticed a dread lich
 53204 | Vaults:5 | Killed a dread lich
 53287 | Vaults:5 | Noticed an ancient lich
 53344 | Vaults:5 | an eleionoma changed into a golden dragon
 53344 | Vaults:5 | Noticed a golden dragon (glowing shapeshifter)
 53347 | Vaults:5 | Noticed a dread lich
 53354 | Vaults:5 | a golden dragon changed into a stone giant
 53363 | Vaults:5 | Noticed a dread lich
 53381 | Vaults:5 | Noticed an ancient lich
 53385 | Vaults:5 | Killed an ancient lich
 53391 | Vaults:5 | Identified the ring "Munoyvaura" {rPois Will+ Str+6 Int-3}
 53406 | Vaults:5 | Reached XP level 23. HP: 131/202 MP: 31/34
 53413 | Vaults:5 | Killed an ancient lich
 53444 | Vaults:5 | Noticed a golden dragon
 53461 | Vaults:5 | Noticed a golden dragon
 53462 | Vaults:5 | Killed a golden dragon
 53465 | Vaults:5 | Identified the ring "Honeme" {rN+ Will+ Dex+3 Stlth-}
 53490 | Vaults:5 | Reached skill level 20 in Shields
 53498 | Vaults:5 | Killed a dread lich
 53512 | Vaults:5 | Killed a golden dragon
 53808 | Vaults:5 | Got a silver rune of Zot
 54024 | Vaults:5 | Got the Vellum of Ghoulish Hail
 54421 | Vaults:5 | Killed a golden dragon
 54452 | Vaults:5 | Identified the +1 ring mail of Valiance {rF+ rC- rCorr
                  | Int+8}
 54488 | Vaults:5 | Identified the +5 spear of Duty {protect, *Corrode rPois
                  | MP+9 Str+6}
 54534 | Vaults:5 | Identified the +4 swamp dragon scales "Umofiapp" {+Inv
                  | rPois SInv}
 55139 | Slime:1  | Entered Level 1 of the Pits of Slime
 55398 | Slime:3  | Noticed Dissolution
 55407 | Slime:3  | Killed Dissolution
 55521 | Slime:5  | Entered Level 5 of the Pits of Slime
 55766 | Slime:5  | Reached skill level 10 in Stealth
 55898 | Slime:5  | Noticed the Royal Jelly
 55915 | Slime:5  | Killed the Royal Jelly
 55950 | Slime:5  | Paralysed by a floating eye for 3 turns
 56094 | Slime:5  | Identified the +6 long sword of Hyezxeus {vamp, Str+3
                  | Stlth+}
 56141 | Slime:5  | Identified the +1 leather armour "Viub" {Harm rN+ SInv}
 56144 | Slime:5  | Identified the +3 scale mail of the Slorg {rElec MP+9
                  | Int+2}
 56149 | Slime:5  | Got a slimy rune of Zot
 56723 | Depths:1 | Entered Level 1 of the Depths
 56913 | Depths:1 | Found a runed translucent door.
 56915 | Depths:1 | Noticed baal32's ghost (journeyman MiFi)
 56972 | Depths:1 | Reached XP level 24. HP: 208/216 MP: 34/34
 57346 | Depths:1 | Found a gateway to Hell.
 57418 | Depths:1 | Found a one-way gate to the infinite horrors of the Abyss.
 57503 | Depths:1 | Found an ornate altar of the Wu Jian Council.
 57677 | Depths:1 | Voluntarily entered the Abyss.
 58048 | Abyss:1  | Found a sacrificial altar of Ru.
 58051 | Abyss:1  | Found a sacrificial altar of Ru.
 58051 | Abyss:1  | Found a sacrificial altar of Ru.
 58419 | Abyss:1  | Found a corrupted altar of Lugonu.
 58440 | Abyss:1  | Found a corrupted altar of Lugonu.
 58443 | Abyss:1  | Found a corrupted altar of Lugonu.
 58743 | Abyss:2  | Found a corrupted altar of Lugonu.
 58843 | Abyss:5  | Noticed an ancient lich
 58865 | Abyss:5  | Killed an ancient lich
 58897 | Abyss:5  | Got an abyssal rune of Zot
 59070 | Depths:1 | Escaped the Abyss
 59144 | Depths:2 | Noticed a dread lich
 59360 | Depths:2 | Found a one-way gateway to a ziggurat.
 59383 | Depths:2 | Found a transporter.
 59383 | Depths:2 | Noticed Himmaryad's ghost (adept TrMo)
 59446 | Depths:2 | Found a transporter.
 59765 | Depths:2 | You fall into a shaft and drop 2 floors!
 59765 | Depths:4 | Entered Level 4 of the Depths
 59901 | Depths:4 | Reached XP level 25. HP: 193/231 MP: 34/34
 60641 | Depths:4 | Found a gate to the Realm of Zot.
 60650 | Depths:4 | Got Sif Muna's Lectures on Luminous Companions
 61229 | Depths:4 | Found Gimas's Neck Hole.
 61721 | Abyss:5  | Cast into level 5 of the Abyss (a wizard)
 61750 | Abyss:5  | Paralysed by accursed screaming for 1 turns
 61754 | Abyss:6  | Found a corrupted altar of Lugonu.
 61791 | Depths:3 | Escaped the Abyss
 62083 | Depths:3 | Noticed Louise
 62092 | Depths:3 | Killed Louise
 62110 | Depths:3 | Reached skill level 21 in Shields
 62220 | Depths:3 | Found a radiant altar of Vehumet.
 62318 | Depths:3 | Found a one-way gate leading to the halls of Pandemonium.
 63353 | Zot:1    | Entered Level 1 of the Realm of Zot
 63417 | Zot:2    | Found the +4 dragonskin cloak
 63417 | Zot:2    | Noticed Tiamat
 63462 | Zot:1    | Reached XP level 26. HP: 239/239 MP: 34/34
 63610 | Zot:5    | Entered Level 5 of the Realm of Zot
 63793 | Zot:5    | Noticed an orb of fire
 63793 | Zot:5    | Noticed an orb of fire
 63797 | Zot:5    | Noticed an orb of fire
 63799 | Zot:5    | Noticed an ancient lich
 63801 | Zot:5    | Noticed an ancient lich
 63802 | Zot:5    | Noticed a Killer Klown
 63802 | Zot:5    | Noticed a Killer Klown
 63805 | Zot:5    | Noticed a dread lich
 63810 | Zot:5    | Reached skill level 22 in Shields
 63820 | Zot:5    | Noticed a dread lich
 63882 | Zot:5    | Got the Orb of Zot
 63893 | Zot:5    | Killed a Killer Klown
 64384 | D:10     | Noticed Tecruc the pandemonium lord
 64522 | D:2      | Noticed Plog the pandemonium lord
 64592 | D:$      | Escaped with the Orb!

Illustrated notes

Levels and vault maps discovered:
D:1:      minmay_arrival_arboretum_small, layout_loops_corners,
          hellmonk_ecumenical_altar_lost_god
D:2:      layout_rooms, serial_shops, nicolae_shop_crystal,
          nicolae_lakefront_shop, shop, nicolae_shop_stone, nicolae_half_adder
D:3:      minmay_recursive_quarters, layout_rooms, jmf_multi_god_temple,
          uniq_robin, uniq_sigmund
D:4:      layout_loops_ring
D:5:      layout_basic, pf_guarded_unrand_woodcutter
D:6:      kennysheep_spiral_hall, layout_rooms,
          minmay_temple_entry_proselytizer, uniq_grinder
D:7:      layout_loops_ring, serial_glass, glass_columns_c, glass_columns_c,
          chequers_ossuary_entry_cave, hangedman_abyss_or_decor_lesser_grid,
          uniq_maggie, uniq_crazy_yiuf_cottage
D:8:      layout_gridville, grunt_temple_overflow_octagram
D:9:      layout_irregular_city, skrybe_limestone_x, worms_lemuel, uniq_harold,
          uniq_maurice
D:10:     layout_basic, minmay_lair_entry_grove, nicolae_trove_entry_isolated,
          uniq_psyche, uniq_erica
D:11:     layout_cave_pools, orc_0_dummy
D:12:     slaughterhouse, layout_rooms, serial_shops, shop,
          maelrawn_ghost_gauntlet_escape
D:13:     layout_roguey, nicolae_diode_basic
D:14:     cheibrodos_monumental, layout_loops_ring, erik_vaults_2,
          minmay_misc_feat_ornament
D:15:     grunt_enter_depths_snipers, layout_basic, kennysheep_pointless_box
Lair:1:   layout_gridlike
Lair:2:   layout_roguey [special_room_bee], nicolae_snake_entry_squirm,
          portal_ice_cave_entry_imps, gammafunk_lair_bear_cave, uniq_nergalle
Lair:3:   layout_cave_pods, swamp_mist, chequers_serial_rivers_large_a,
          cheibrodos_lair_reptile_den, infiniplex_staircase_pool
Lair:4:   layout_regular_city, slime_entry_1
Lair:5:   grunt_lair_end_beastmaster, layout_layer_cave, minmay_hedge_maze,
          minivault_23, lookout_lair_type, st_stairs_10,
          chequers_serial_rivers_micro_d, kennysheep_abandoned_house
Swamp:1:  layout_basic_swamp, evilmike_swamp_ruin_house_3,
          hangedman_swamp_wriggling, uniq_nikola
Swamp:2:  layout_falls_marsh, gammafunk_ghost_split, serial_swamp_ruin,
          hangedman_swamp_ruin_hall, evilmike_swamp_ruin_house_2
Swamp:3:  layout_basic_swamp, evilmike_swamp_ruin_house_1, swamp_pool4,
          uniq_aizul
Swamp:4:  swamp, layout_basic_swamp
Snake:1:  layout_gridlike, nicolae_snake_yet_another_twisty_hallway,
          grunt_megastairs_4
Snake:2:  layout_basic, nicolae_snake_double_loop, hangedman_snake_sidewinding,
          lemuel_fruit_tree, uniq_vashnia
Snake:3:  layout_honeycomb, st_stairs_11
Snake:4:  hellmonk_snake_rune_quicksilver_temple, layout_misc_corridors,
          serial_shops, nicolae_shop_advertising_works
          [nicolae_subvault_shop_adworks], minmay_shop_star
Slime:1:  layout_caves, nicolae_slime_barrier
Slime:2:  layout_caves
Slime:3:  layout_caves, dissolution_awaits
Slime:4:  layout_caves
Slime:5
Orc:1:    layout_caves
Orc:2:    st_orc_rangers, layout_caves, gauntlet_entry_generic,
          nicolae_alphabet_shops
Elf:1:    nicolae_elf_arrival_fired_up, layout_geoelf_octagon, basic_altar,
          hangedman_elven_crosses_minicolossus, hex_medium, uniq_zenata
Elf:2:    elven_hall_of_blades_hangedman_original [grunt_blade_entry_basic],
          layout_onion_city
Elf:3:    minmay_elf_hall_hex, layout_gridlike, serial_shops,
          nicolae_diamond_shop, nicolae_shop_temple_entry_statues_fountains,
          special_room [special_room_orc]
Vaults:1: portal_desolation_entry_holy_temple, dpeg_vaults_monster_box,
          v_misc_19, nicolae_vaults_diagonal_hallway_9, ontoclasm_vaults_twist,
          vaults_mumra_chevron, vaults_mumra_lcd, v_misc_26,
          nicolae_vaults_little_squares_4, nicolae_vaults_statue_guard,
          vaults_room_pool, nicolae_vaults_asterisk, nicolae_vaults_rhombus_5,
          nicolae_vaults_border_crossing, layout_vaults_omnibox
Vaults:2: nicolae_vaults_theta, nicolae_vaults_mini_display_case,
          nicolae_vaults_ninety_degrees, hangedman_vaults_stream,
          v_alt_pattern_2, v_misc_25, nicolae_vaults_yaktaur_gun_rack,
          hangedman_vaults_impose, layout_vaults_omnigrid
Vaults:3: nicolae_vaults_hallways_thing, hangedman_vaults_corner_blocks,
          minmay_crypt_entry_simple_statues, hangedman_vaults_locks,
          hangedman_vaults_stretched_pinwheel, vaults_room_fours,
          vaults_dpeg_emergency_exit, v_pattern_2,
          nicolae_vaults_little_squares_2, layout_vaults_big_room, serial_shops,
          nicolae_diamond_shop
Vaults:4: grunt_vaults_trifunnel, nicolae_vaults_little_squares_4,
          v_alt_pattern_3, ontoclasm_vaults_loading_screen,
          hangedman_vaults_hat, ontoclasm_vaults_bender, nicolae_vaults_theta,
          nicolae_vaults_shelves_hall, ontoclasm_vaults_spin,
          ontoclasm_vaults_eye, v_misc_16, grunt_vaults_hallway_short,
          nicolae_vaults_theta, layout_vaults_omnicross, serial_shops,
          nicolae_shop_overgrown_old_shop
Vaults:5
Depths:1: layout_cave_pools, grunt_mini_vestibule, abyss_entry_crystal,
          gammafunk_ghost_grave, chequers_decorated_corner,
          nzn_wu_jian_contemplation
Depths:2: cheibrodos_quadrivalence, layout_basic, enter_ziggurat_f,
          gammafunk_ghost_abyssal_escape, hangedman_abyss_entry_splay,
          serial_sigils_hangedman_carve, pan_entry, hangedman_tar_grid_catacomb,
          kilobyte_mutagenic_chamber, infiniplex_staircase_zigzag_1
Depths:3: lemuel_troll_bridge, layout_cave_shapes, hell_entry,
          nicolae_abyss_entry_one_way_or_another, vehumet_crystals,
          rand_demon_pan_entry_1
Depths:4: lemuel_castle_with_subvaults [lemuel_castle_interior_carwin_1],
          layout_gridlike, minmay_misc_feat_enclosed, pf_hell_entry_great_geh,
          dk_noncrumbling_4, nicolae_shop_sticking_my_neck_out
Zot:1:    layout_basic, hangedman_zot_wheel_spokes, grunt_ministairs_2,
          nicolae_rock_paper_scissors
Zot:2:    gammafunk_dig_for_victory, layout_concentric_octagons, uniq_tiamat
Zot:3:    layout_onion_interference
Zot:4:    layout_misc_corridors
Zot:5:    layout_basic, st_stairs_14

Skill      XL: |  1  2  3  4  5  6  7  8  9 10 11 12 13 14 15 16 17 18 19 20 21 22 23 24 25 26 |
---------------+-------------------------------------------------------------------------------+-----
Spellcasting   | 2 3 4 5 8 |  8.0
Air Magic      | 1 3 |  3.0
Poison Magic   | 4 5 6 7 8 9 10 12 13 14 | 14.0
Fighting       | 1 3 5 7 8 10 13 15 16 17 19 20 | 20.2
Stealth        | 3 4 6 8 11 13 | 13.3
Transmutations | 1 4 5 7 10 11 12 14 | 14.0
Shields        | 3 4 5 10 12 15 18 19 20 21 22 | 22.1
Long Blades    | 5 8 9 10 13 15 16 | 16.0
Dodging        | 6 8 10 12 13 14 15 16 18 20 | 20.1
Conjurations   | 2 5 8 |  8.2

Action                     |  1- 3 |  4- 6 |  7- 9 | 10-12 | 13-15 | 16-18 | 19-21 | 22-24 | 25-27 || total
---------------------------+-------+-------+-------+-------+-------+-------+-------+-------+-------++-------
  Melee: Unarmed           |     8 |       |       |       |       |       |       |       |       ||     8
         Whip              |    37 |   142 |    25 |       |       |       |       |       |       ||   204
         Punch             |       |     3 |       |     1 |       |       |       |       |       ||     4
         Demon blade       |       |       |    18 |    52 |   337 |       |       |       |       ||   407
         Battleaxe         |       |       |   194 |   490 |       |       |       |       |       ||   684
         Double sword      |       |       |       |       |    15 |   583 |  1141 |  1540 |   801 ||  4080
   Cast: Sting             |    30 |    14 |     4 |       |       |       |       |       |       ||    48
         Poisonous Vapours |     1 |    49 |    28 |     5 |       |       |       |       |       ||    83
         Olgreb's Toxic Ra |       |       |     9 |    76 |    54 |    54 |    22 |    26 |    24 ||   265
         Eringya's Noxious |       |       |       |       |    47 |    38 |    66 |    31 |     7 ||   189
         Ignite Poison     |       |       |       |       |    34 |    50 |    53 |    31 |    12 ||   180
         Irradiate         |       |       |       |       |       |    59 |    50 |    39 |    24 ||   172
 Invoke: Call Merchant     |       |       |       |     1 |       |       |       |       |       ||     1
         Bribe Branch      |       |       |       |       |       |       |       |     1 |     5 ||     6
  Evoke: Wand              |       |       |     3 |     4 |       |       |     1 |     1 |     1 ||    10
         Tin of tremorston |       |       |       |     2 |       |       |       |       |       ||     2
    Use: Scroll            |       |     7 |     6 |     6 |    21 |    10 |     3 |     6 |     4 ||    63
         Potion            |       |     1 |     1 |     9 |     1 |       |     4 |    10 |     4 ||    30
   Stab: Distracted        |       |     1 |     2 |     3 |     3 |     9 |    12 |    22 |    10 ||    62
         Sleeping          |       |       |     7 |     9 |     4 |     7 |     5 |     9 |     2 ||    43
         Petrifying        |       |       |       |       |     3 |       |       |       |     1 ||     4
         Confused          |       |       |       |       |     1 |       |       |       |       ||     1
         Invisible         |       |       |       |       |       |       |       |     1 |       ||     1
 Armour: Robe              |     8 |    48 |   102 |     1 |       |       |       |       |       ||   159
         Steam dragon scal |       |       |       |   238 |   306 |   322 |   369 |   277 |   148 ||  1660
  Dodge: Dodged            |    37 |   102 |   111 |   332 |   302 |   440 |   553 |   619 |   379 ||  2875
  Block: Buckler           |       |       |       |     9 |   222 |   300 |       |       |       ||   531
         Kite shield       |       |       |       |       |       |    98 |   138 |       |       ||   236
         Tower shield      |       |       |       |       |       |       |  1483 |  1736 |  1000 ||  4219

Table legend: (Time is in decaauts)
 A = Elapsed time spent in this place.
 B = Non-inter-level travel time spent in this place.
 C = Inter-level travel time spent in this place.
 D = Time resting spent in this place.
 E = Time spent auto-exploring this place.
 F = Levels seen in this place.
 G = Mean time per level.
                   A        B        C        D        E       F      G
               +--------+--------+--------+--------+--------+-----+--------+
         Total |  64671 |  59515 |   5156 |   1637 |  43917 |  64 | 1010.5 |
       Dungeon |  19932 |  17163 |   2769 |    748 |  13163 |  15 | 1328.8 |
          Lair |   8021 |   7259 |    762 |    188 |   5650 |   5 | 1604.2 |
         Swamp |   4259 |   4140 |    119 |    112 |   3033 |   4 | 1064.8 |
     Snake Pit |   5921 |   5660 |    261 |    189 |   4390 |   4 | 1480.2 |
    Slime Pits |   1305 |   1240 |     65 |      0 |    743 |   5 |  261.0 |
  Orcish Mines |   1646 |   1500 |    146 |      0 |   1121 |   2 |  823.0 |
   Elven Halls |   5104 |   4898 |    206 |    191 |   3642 |   3 | 1701.3 |
        Vaults |   6987 |   6611 |    376 |     43 |   5129 |   5 | 1397.4 |
        Depths |   5164 |   4781 |    383 |     23 |   3347 |   4 | 1291.0 |
           Zot |    663 |    598 |     65 |     26 |    143 |   5 |  132.6 |
         Abyss |   1369 |   1369 |      0 |      0 |    536 |   7 |  195.6 |
         Trove |    109 |    109 |      0 |      0 |      0 |   1 |  109.0 |
       Ossuary |    250 |    250 |      0 |      0 |    171 |   1 |  250.0 |
      Ice Cave |   2002 |   2002 |      0 |    117 |   1420 |   1 | 2002.0 |
    Desolation |   1356 |   1356 |      0 |      0 |    956 |   1 | 1356.0 |
      Gauntlet |    577 |    577 |      0 |      0 |    471 |   1 |  577.0 |
               +--------+--------+--------+--------+--------+-----+--------+

Top non-repeatable levels by time:
    D:10: 2179 daAuts
     D:5: 2053 daAuts
   IceCv: 2002 daAuts
  Lair:5: 1992 daAuts
   Elf:1: 1969 daAuts
  Lair:2: 1930 daAuts
Depths:4: 1860 daAuts
   Elf:3: 1750 daAuts
 Snake:2: 1671 daAuts
Vaults:4: 1655 daAuts
Vaults:5: 1624 daAuts
     D:9: 1570 daAuts
     D:3: 1512 daAuts
 Snake:4: 1461 daAuts
  Lair:1: 1408 daAuts
